 Dungeon Crawl Stone Soup version 0.25-a0-10-g2fe12d4386 (webtiles) character file.

Game seed: 17564115428230164128, levelgen mode: deterministic

2158 Chiseanne the Magician (level 9, 0/57 HPs)
             Began as a Demonspawn Wizard on Oct 15, 2019.
             Was a Follower of Vehumet.
             Slain by a freezing wraith (3 damage)
             ... on level 8 of the Dungeon.
             The game lasted 00:22:51 (8356 turns).

Chiseanne the Magician (Demonspawn Wizard)          Turns: 8356, Time: 00:22:51

Health: 0/57       AC: 18    Str:  7    XL:     9   Next: 10%
Magic:  19/19      EV: 12    Int: 24    God:    Vehumet [*.....]
Gold:   326        SH:  0    Dex: 11    Spells: 13/22 levels left

rFire    + . .     SeeInvis .   i - +2 flail (protect)
rCold    . . .     Gourm    +   (no shield)
rNeg     . . .     Faith    .   g - +0 robe
rPois    .         Spirit   .   b - +1 hat
rElec    .         Reflect  .   (no cloak)
rCorr    .         Harm     .   m - +0 pair of gloves
MR       .....                  f - +0 pair of boots
Stlth    ++........             y - amulet of the gourmand
HPRegen  0.19/turn              p - +3 ring of protection
MPRegen  0.16/turn              D - ring of protection from fire

@: protection aura, slowed, very slow
A: hooves 1, thin metallic scales 2, spiny 1, rot immunity
a: Renounce Religion


You were on level 8 of the Dungeon.
You worshipped Vehumet.
Vehumet was aware of your devotion.
You were very full.

You visited 2 branches of the dungeon, and saw 11 of its levels.

You collected 326 gold pieces.

Inventory:

Hand Weapons
 a - a +2 club {** Badass Ugly Stick **}
 i - a +2 flail of protection (weapon)
 q - a +1 hunting sling of velocity
 s - a +0 war axe of venom
 w - the +2 hunting sling of Evisceration {speed, -Tele Int+5}
   (You found it on level 4 of the Dungeon)

   Attacks with this weapon are significantly faster.
   It affects your intelligence (+5).
   It prevents most forms of teleportation.
 A - a +0 short sword of speed
Missiles
 e - 50 bolts
 k - 43 sling bullets
 l - 35 poisoned darts (quivered)
 n - 3 boomerangs
 r - 68 arrows
 u - 65 stones
Armour
 b - a +1 hat (worn)
 f - a +0 pair of boots (worn)
 g - a +0 robe (worn)
 m - a +0 pair of gloves (worn)
Jewellery
 p - a +3 ring of protection (left hand)
 y - an amulet of the gourmand (around neck)
 D - a ring of protection from fire (right hand)
Wands
 h - a wand of enslavement (3)
 x - a wand of flame (6)
Scrolls
 j - 8 scrolls of remove curse
 z - a scroll of teleportation
 C - a scroll of immolation
Potions
 c - a potion of cancellation
 o - 2 potions of flight
 v - 3 potions of curing
 B - a potion of might {unknown}
Comestibles
 d - 12 rations


   Skills:
 - Level 1.7 Dodging
 - Level 1.7 Stealth
 * Level 7.2 Spellcasting
 * Level 7.1 Conjurations
   Level 1.0 Summonings
 - Level 0.8 Translocations
 * Level 5.8 Air Magic


You had 13 spell levels left.
You knew the following spells:

 Your Spells              Type           Power        Failure   Level  Hunger
a - Magic Dart            Conj           ####         1%          1    None
b - Blink                 Tloc           N/A          8%          2    None
c - Conjure Flame         Conj/Fire      ####....     4%          3    None
d - Mephitic Cloud        Conj/Pois/Air  ####....     3%          3    None

Your spell library contained the following spells:

 Spells                   Type           Power        Failure   Level  Hunger
 Sandblast                Erth           #.....       7%          1    None
 Flame Tongue             Conj/Fire      ####.        1%          1    None
 Throw Flame              Conj/Fire      ####..       2%          2    None
 Call Imp                 Summ           ##......     7%          2    None
 Slow                     Hex            #.......     11%         2    None
 Sticky Flame             Conj/Fire      ####....     16%         4    ###....
 Inner Flame              Hex/Fire       #.......     22%         3    None
 Fireball                 Conj/Fire      ####......   41%         5    #####..


Dungeon Overview and Level Annotations

Branches:
Dungeon (10/15)            Temple (1/1) D:7            Lair (0/6) D:9
    Orc: D:9-12

Altars:
Ashenzari
Cheibriados
Dithmenos
Elyvilon
Fedhas
Gozag
Hepliaklqana
Kikubaaqudgha
Makhleb
Nemelex Xobeh
Okawaru
Qazlal
Ru
Sif Muna
Trog
Uskayaw
Vehumet
Wu Jian
Xom
Yredelemnul
Zin
The Shining One

Annotations:
D:9 exclusions: yak and 1 more exclusion


Innate Abilities, Weirdness & Mutations

You have large cloven feet.
You are mostly covered in thin metallic scales. (AC +3)
You are partially covered in sharp spines.
You are immune to rotting.


Message History

The orc priest is killed!
Vehumet accepts your kill. The orc warrior barely misses you.
The freezing wraith completely misses you.
The freezing wraith hits you!
* * * LOW HITPOINT WARNING * * *
The freezing wraith drains your vigour!
You feel yourself slow down.
The cyclops hits the cyclops!!
The cyclops is engulfed in noxious fumes.
Found 72 gold pieces.
You're too confused to move!
You feel less invigorated.
You feel less confused. The freezing wraith hits you.
* * * LOW HITPOINT WARNING * * *
The freezing wraith freezes you!
* * * LOW HITPOINT WARNING * * *
The freezing wraith closely misses you.
The death knight barely misses your hippogriff.
The freezing wraith barely misses you. The freezing wraith hits you.
You die...

# #########+# #$
#.........# #$$
#.........# #$$$
#.........#
#$$$$#@........#
###########$$$$W........(#
#....'.)..#$$$$#oCpH°°...#
#....#....#?$$$#..(C.!!..#
#....#....#$$$ #....)..).#
#>...#....#$$$ #.......).#
#########'##############†#
#........8#.........#
#.........#.........#


You could see a death knight (confused), 2 cyclopes, a freezing wraith, an orc
warrior (confused) and a friendly hippogriff.

Vanquished Creatures
  Duvessa (D:6)
  2 orc warriors (D:6)
  2 sky beasts
  An ogre (D:6)
  3 centaurs
  A crocodile (D:9)
  3 bullfrogs
  Dowan (D:6)
  A water moccasin skeleton (D:5)
  3 scorpions
  A killer bee (D:8)
  2 howler monkeys
  A bullfrog zombie (D:5)
  4 orc wizards
  4 orc priests
  3 bullfrog skeletons
  2 iguanas
  4 worker ants
  8 gnolls
  7 adders
  A shadow imp (D:6)
  An ooze (D:2)
  An adder zombie (D:5)
  5 worms
  4 dart slugs (D:1)
  2 leopard geckos
  11 orcs
  6 giant cockroaches
  8 goblins
  6 hobgoblins
  3 jackals (D:2)
  5 quokkas
  A ball python (D:3)
  4 bats
  7 frilled lizards
  A jackal zombie (D:8)
  2 kobolds (D:1)
  A quokka skeleton (D:6)
  4 rats
127 creatures vanquished.

Vanquished Creatures (collateral kills)
  An ogre (D:8)
1 creature vanquished.

Vanquished Creatures (others)
  3 electric eels (D:4)
  An orc (D:4)
  A fungus (D:9)
  4 plants (D:9)
9 creatures vanquished.

Grand Total: 137 creatures vanquished

Notes
Turn   | Place    | Note
-------+----------+-------------------------------------------
     0 | D:1      | Chiseanne the Demonspawn Wizard began the quest for the
                  | Orb.
     0 | D:1      | Reached XP level 1. HP: 13/13 MP: 4/4
   334 | D:1      | Gained mutation: You are partially covered in thin metallic
                  | scales. (AC +2) [demonic ancestry]
   334 | D:1      | Reached XP level 2. HP: 19/19 MP: 0/6
  1288 | D:2      | Gained mutation: You are mostly covered in thin metallic
                  | scales. (AC +3) [demonic ancestry]
  1288 | D:2      | Reached XP level 3. HP: 24/24 MP: 1/8
  1770 | D:2      | Gained mutation: You are immune to rotting. [demonic
                  | ancestry]
  1770 | D:2      | Reached XP level 4. HP: 19/30 MP: 0/9
  1787 | D:2      | Learned a level 2 spell: Blink
  1977 | D:2      | Learned a level 3 spell: Conjure Flame
  1981 | D:2      | Learned a level 3 spell: Mephitic Cloud
  2932 | D:3      | Found a hazy altar of Hepliaklqana.
  2971 | D:3      | Reached skill level 1 in Air Magic
  2979 | D:3      | Reached XP level 5. HP: 35/35 MP: 0/11
  3524 | D:4      | Noticed a centaur
  3531 | D:4      | Killed a centaur
  3531 | D:4      | Reached XP level 6. HP: 15/41 MP: 6/12
  3872 | D:4      | Found a transporter.
  3885 | D:4      | Found a transporter.
  4140 | D:4      | HP: 2/41 [electric eel/bolt of electricity (7)]
  4550 | D:4      | Got an iridescent hunting sling
  4555 | D:4      | Identified the +2 hunting sling of Evisceration {speed,
                  | -Tele Int+5} (You found it on level 4 of the Dungeon)
  4843 | D:5      | Entered Level 5 of the Dungeon
  5078 | D:5      | Reached skill level 5 in Spellcasting
  5177 | D:5      | Noticed a sky beast
  5354 | D:6      | Gained mutation: You are partially covered in sharp spines.
                  | [demonic ancestry]
  5354 | D:6      | Reached XP level 7. HP: 46/46 MP: 9/14
  5586 | D:7      | Found a staircase to the Ecumenical Temple.
  5881 | Temple   | Entered the Ecumenical Temple
  6048 | Temple   | Became a worshipper of Vehumet
  6155 | D:6      | Reached skill level 5 in Conjurations
  6243 | D:6      | Noticed Duvessa
  6257 | D:6      | Killed Duvessa
  6301 | D:6      | Noticed Dowan
  6319 | D:6      | Killed Dowan
  6548 | D:6      | Reached XP level 8. HP: 37/52 MP: 0/17
  7257 | D:5      | Reached skill level 5 in Air Magic
  7756 | D:5      | Reached * piety under Vehumet
  7756 | D:5      | Offered knowledge of Sandblast by Vehumet.
  8026 | D:7      | You fall into a shaft and drop 3 floors!
  8026 | D:10     | Entered Level 10 of the Dungeon
  8267 | D:9      | Found a staircase to the Lair.
  8288 | D:8      | Gained mutation: You have large cloven feet. [demonic
                  | ancestry]
  8288 | D:8      | Reached XP level 9. HP: 54/57 MP: 19/19
  8338 | D:8      | Noticed a cyclops
  8338 | D:8      | Noticed a cyclops
  8339 | D:8      | Noticed a death knight
  8350 | D:8      | HP: 2/57 [cyclops/large rock (23)]
  8353 | D:8      | Noticed a freezing wraith
  8356 | D:8      | Slain by a freezing wraith

Levels and vault maps discovered:
D:1:      kennysheep_arrival_seaside, layout_basic
D:2:      layout_basic
D:3:      layout_loops_ring, lemuel_crystal_altar
D:4:      gammafunk_steamed_eel, layout_basic, first_ration,
          minmay_misc_feat_alley, minmay_misc_feat_enclosed,
          hangedman_decor_points, mrwooster_statue_mirror
D:5:      layout_basic
D:6:      layout_cave_pools, uniq_duvessa
D:7:      layout_basic, minmay_temple_entry_hall
D:8:      minmay_klotski, layout_basic, hangedman_ranch
          [blue_anna_fruit_fields], hex_medium
D:9:      layout_basic, minmay_lair_entry_grove, chequers_jeans,
          minmay_shop_grid_forest
D:10:     layout_irregular_city, gammafunk_ghost_wrathful_warriors,
          serial_column_ruins, column_ruins_temple_circle, column_ruins_hut,
          column_ruins_columns_straight, column_ruins_columns_straight,
          column_ruins_open_small_water, column_ruins_corridor_corner,
          column_ruins_open_small, grunt_qazlal_clouds
Temple:   minmay_crystal_snake_temple

Skill      XL: |  1  2  3  4  5  6  7  8 |
---------------+-------------------------+-----
Conjurations   | 2 3 4 5 7 |  7.1
Spellcasting   | 4 5 6 7 |  7.2
Air Magic      | 1 2 3 4 5 |  5.8
Dodging        | |  1.7
Stealth        | |  1.7
Summonings     | |  1.0
Translocations | |  0.8

Action                   |  1- 3 |  4- 6 |  7- 9 || total
-------------------------+-------+-------+-------++-------
Melee: Club              |    81 |    27 |    17 ||   125
       War axe           |       |    16 |       ||    16
       Short sword       |       |       |    54 ||    54
       Flail             |       |       |    47 ||    47
 Fire: Hunting sling     |       |    14 |     3 ||    17
Throw: Dart              |       |     8 |       ||     8
 Cast: Magic Dart        |    82 |   116 |   101 ||   299
       Mephitic Cloud    |       |     7 |    18 ||    25
       Blink             |       |     2 |     9 ||    11
       Conjure Flame     |       |     1 |     2 ||     3
Evoke: Wand              |       |       |    12 ||    12
  Use: Scroll            |     5 |    13 |     6 ||    24
       Potion            |       |     3 |     2 ||     5
 Stab: Sleeping          |       |     1 |     1 ||     2
       Invisible         |       |     1 |       ||     1
       Confused          |       |       |    10 ||    10
  Eat: Chunk             |     2 |    11 |    18 ||    31
Armor: Robe              |    44 |    37 |    37 ||   118
Dodge: Dodged            |    91 |    75 |    68 ||   234

Table legend:
 A = Non-vault XP
 B = Vault XP
 C = Vault XP percentage of total XP
 D = Non-vault monster count
 E = Vault monster count
 F = Vault count percentage of total count
                 A         B        C        D         E       F
            +---------+---------+-------+---------+---------+-------
      Total |    2531 |     552 |  17.9 |     120 |      11 |   8.4
            +---------+---------+-------+---------+---------+-------
        D:1 |      33 |       0 |   0.0 |      16 |       0 |   0.0
        D:2 |      88 |       0 |   0.0 |      25 |       0 |   0.0
        D:3 |     101 |       0 |   0.0 |      18 |       0 |   0.0
        D:4 |     271 |      16 |   5.6 |      10 |       3 |  23.1
        D:5 |     609 |       0 |   0.0 |      16 |       0 |   0.0
        D:6 |     943 |     220 |  18.9 |      24 |       2 |   7.7
        D:7 |     261 |       0 |   0.0 |       4 |       0 |   0.0
        D:8 |      79 |     209 |  72.6 |       4 |       5 |  55.6
        D:9 |      95 |     107 |  53.0 |       2 |       1 |  33.3
       D:10 |      51 |       0 |   0.0 |       1 |       0 |   0.0
            +---------+---------+-------+---------+---------+-------
